Map: Ultralove

Players

Sindyr

  • Race: Zerg Zerg
  • League: Master
  • Spawn Location: 7:00

LibertyChimp - Winner!

  • Race: Zerg Zerg
  • League: Silver
  • Spawn Location: 1:00

VOD

Have the link to the VOD?

Description

Time

  • Played on: Oct. 18, 2025, 10:17 a.m.
  • Length: 4:07
Show
View Real Time Build Order
Export as new Build Order

Sindyr Zerg 

Build Orders: Hatch First 

Get SALT Encoding   

  12  0:02  Drone  
  13  0:10  Drone  
  13  0:13  Extractor  
  13  0:15  Drone  
  14  0:26  Overlord  
  15  0:44  Drone x2  
  17  0:54  Drone  
  17  0:55  Hatchery  
  17  0:58  Drone  
  17  1:03  Extractor  
  17  1:16  Spawning Pool  
  16  1:19  Drone  
  16  1:22  Drone  
  18  1:29  Drone  
  19  1:39  Drone  
  20  1:50  Drone  
  21  2:06  Queen  
  21  2:07  Queen  
  25  2:09  Overlord  
  25  2:17  Zergling x4  
  27  2:24  Drone  
  27  2:28  Drone  
  29  2:43  Queen  
  31  2:44  Lair  
  31  2:50  Drone  
  31  2:51  Drone x2, Overlord  
  34  3:00  Zergling x4  
  36  3:11  Spine Crawler x2  
  32  3:18  Roach Warren  
  31  3:22  Evolution Chamber  
  29  3:38  Zergling x2  
  29  3:39  Zergling x10  
  29  3:40  Zergling x2  
  30  3:50  Zergling x6  
Show
View Real Time Build Order
Export as new Build Order

LibertyChimp Zerg - Winner!

Build Orders: Hatch First 

Get SALT Encoding   

  12  0:01  Drone  
  13  0:10  Drone  
  14  0:16  Extractor  
  14  0:17  Drone  
  15  0:38  Hatchery  
  14  0:43  Extractor  
  13  1:02  Drone  
  14  1:08  Spawning Pool  
  13  1:17  Drone  
  14  1:21  Overlord  
  14  1:52  Drone  
  15  1:55  Zergling x2  
  15  1:56  Zergling x4  
  18  2:02  Zergling x2  
  18  2:04  Queen  
  18  2:06  Metabolic Boost  
  21  2:11  Zergling x2  
  22  2:23  Drone  
  22  2:29  Roach Warren  
  22  2:34  Zergling x2  
  23  2:43  Overlord  
  23  2:51  Zergling x4  
  23  2:53  Zergling x2  
  23  2:57  Zergling x2  
  26  3:15  Zergling x8  
  30  3:24  Roach  
  32  3:38  Zergling x6  
Tags
 
Matchup
ZvZ
Race
Zerg
Replay Pack
Multiplayer
Spawn Locations
Cross Positions
Add a new tag
Caveats
  • Supply blocks, unpowered buildings, or Contaminate may cause inaccurate times.
  • Supply counts are checked every 10 seconds.